 Dungeon Crawl Stone Soup version 0.32-a0-576-g706899e69d (webtiles) character file.

Game seed: 12717996708727671111

7206 Implojin the Cleaver (level 11, -1/69 HPs)
             Began as a Coglin Brigand on Mar 1, 2024.
             Was a Believer of Hepliaklqana.
             Slain by an orc warrior
             ... wielding a +0 glaive
              (8 damage)
             ... on level 9 of the Dungeon.
             The game lasted 00:38:37 (10641 turns).

Implojin the Cleaver (Coglin Brigand)              Turns: 10641, Time: 00:38:38

Health: -1/69      AC:  9    Str: 11    XL:     11   Next: 11%
Magic:  11/11      EV: 17    Int: 15    God:    Hepliaklqana [**....]
Gold:   464        SH:  0    Dex: 19    Spells: 10/10 levels left

rFire   . . .        V - +5 battleaxe of the Heavens {speed, Int+3 SInv}
rCold   . . .        (shield currently unavailable)
rNeg    . . .        S - +0 steam dragon scales
rPois   .            W - +2 helmet {SInv}
rElec   .            c - +0 cloak
rCorr   .            (no gloves)
SInv    +            (no boots)
Will    +....        (amulet unavailable)
Stlth   +++          (ring unavailable)
HPRegen 0.31/turn    (ring unavailable)
MPRegen 0.12/turn    (no gizmo)

%: no passive effects
@: mighty, enlightened, flying
A: reduced essence, off-hand wielding, slow wielding, warmup strikes, no
jewellery
a: Invent Gizmo, Renounce Religion, Recall Ancestor, Ancestor Identity


You were on level 9 of the Dungeon.
You worshipped Hepliaklqana.
Hepliaklqana was pleased with you.
You visited 2 branches of the dungeon, and saw 10 of its levels.

You collected 584 gold pieces.
You spent 120 gold pieces at shops.

Inventory:

Hand Weapons
 b - a +2 war axe of electrocution
 g - the +1 morningstar of Spite {flame, Str+5 Int-4}
   (You found it on level 9 of the Dungeon)

   Str+5:     It affects your strength (+5).
   Int-4:     It affects your intelligence (-4).
 n - a +5 morningstar
 Q - a +1 long sword of holy wrath
 R - a +4 war axe of flaming
 V - the +5 battleaxe of the Heavens (weapon) {speed, Int+3 SInv}
   (You found it on level 7 of the Dungeon)

   Int+3:     It affects your intelligence (+3).
   SInv:      It lets you see invisible.
 Y - a -2 demon whip of venom
Missiles
 d - 36 poisoned darts
 e - 4 curare-tipped darts (quivered)
 r - 10 boomerangs
 U - 2 throwing nets
 Z - 2 javelins
Armour
 c - a +0 cloak (worn)
 m - a +0 leather armour of cold resistance
 v - a +0 leather armour of fire resistance
 A - a +0 scale mail of cold resistance
 S - +0 steam dragon scales (worn)
 T - a +0 robe of willpower
 W - a +2 helmet of see invisible (worn)
Wands
 K - a wand of warping (3)
 L - a wand of flame (4)
 X - a wand of paralysis (5)
Scrolls
 a - a scroll of identify
 h - 2 scrolls of teleportation
 k - 2 scrolls of noise {unknown}
 p - 2 scrolls of enchant weapon {unknown}
 y - a scroll of torment {unknown}
 z - 2 scrolls of immolation {unknown}
 B - a scroll of blinking {unknown}
 D - 3 scrolls of fear
 E - a scroll of fog {unknown}
 F - a scroll of vulnerability {unknown}
 G - a scroll of poison {unknown}
 M - 2 scrolls of revelation {unknown}
 N - a scroll of acquirement {unknown}
 O - a scroll of amnesia {unknown}
Potions
 i - a potion of attraction {unknown}
 j - 2 potions of brilliance
 l - a potion of haste
 o - a potion of lignification {unknown}
 t - 2 potions of might
 u - a potion of ambrosia {unknown}
 w - 3 potions of enlightenment
 H - a potion of degeneration {unknown}
 I - a potion of berserk rage {unknown}
 J - a potion of mutation {unknown}


   Skills:
 - Level 4.0 Fighting
 - Level 6.0(6.5) Short Blades
 - Level 4.2(6.0) Long Blades
 * Level 9.4 Axes
 - Level 3.0 Throwing
 - Level 8.0 Dodging
 - Level 3.2 Stealth
 - Level 8.0 Evocations


You had 10 spell levels left.
You didn't know any spells.
Your spell library contained the following spells:

 Spells                   Type           Power      Damage    Failure   Level
 Magic Dart               Conj           0%         1d3       26%         1
 Slow                     Hex            0%         N/A       26%         1
 Blink                    Tloc           0%         N/A       38%         2
 Call Imp                 Summ           0%         N/A       38%         2
 Confusing Touch          Hex            0%         N/A       63%         3
 Sigil of Binding         Hex            0%         N/A       63%         3
 Vampiric Draining        Necr           0%         2d6       63%         3
 Animate Armour           Summ/Erth      0%         N/A       95%         4
 Summon Lightning Spire   Summ/Air       0%         N/A       95%         4
 Lee's Rapid Deconstruct  Erth           0%         3d4*      100%        5


Dungeon Overview and Level Annotations

Branches:
Dungeon (9/15)             Temple (1/1) D:4            Lair (0/5) D:8
    Orc: D:9-12

Altars:
Ashenzari
Cheibriados
Dithmenos
Elyvilon
Fedhas
Gozag
Hepliaklqana
Kikubaaqudgha
Makhleb
Nemelex Xobeh
Okawaru
Qazlal
Ru
Sif Muna
Trog
Uskayaw
Vehumet
Wu Jian
Xom
Yredelemnul
Zin
The Shining One

Shops:
D:1 (!([[   D:3 *   D:4 *

Annotations:
D:1 1 transporter


Innate Abilities, Weirdness & Mutations

Your life essence is reduced to manifest your ancestor. (-10% HP)
You can wield a second weapon in your off-hand.
It takes a long time for you to wield or remove held weapons.
Your first few attacks do less damage.
You cannot equip rings or amulets.


Message History

You bump into the rock wall.
The orc warrior hits you from afar with a +0 glaive.
The orc wizard hits you with a +0 dagger.
CRAB barely misses the orc warrior.
The orc wizard misses you.
The orc warrior barely misses CRAB.
Danger: Low HP Warning |T3| Reason: 26% HP (18/69)
You bump into the rock wall.
The orc warrior misses you. The orc wizard misses you.
The orc wizard casts a spell at you. The magic dart hits you!
The orc warrior hits CRAB with a +0 battleaxe.
Danger: Low HP Warning |T3| Reason: 14% HP (10/69) CRAB hits the orc warrior with a +0 flail.
The orc warrior dies!
Unknown command.
You feel less confused.
Unknown command.
The orc warrior attacks as it pursues you!
The orc warrior hits you from afar with a +0 glaive.
CRAB misses the orc wizard.
The orc wizard hits CRAB with a +0 dagger.
Danger: Low HP Warning |T3| Reason: 7% HP (5/69) Unknown command.
CRAB blocks the orc wizard's attack.
Unknown command.
CRAB completely misses the orc wizard.
The orc warrior attacks as it pursues you!
The orc warrior closely misses you.
CRAB barely misses the orc wizard.
The orc wizard casts a spell at you. The puff of flame misses you.
Unknown command.
Things that are here:
a +0 leather armour; a +0 mace Unknown command.
CRAB closely misses the orc wizard.
Unknown command.
The orc warrior attacks as it pursues you!
The orc warrior hits you from afar with a +0 glaive!
You die...
Hepliaklqana delivers you to your ancestors.

##.....## #......|#
#.........# #.......#
#.........# #.......#
#.>.......# ##.....##
#.........#
##..))).###..>......##
#.....)..###..........
#.....)...#...<.....#
#.........#...@.#### ###
##..............##ß###.## ß##
#[............o#...#...#...#.
#..............[..oo.o........
#.............)[.[.[)R........
#..............).)............
#..........#####...#...#...#..
##........## ##.###ß###ß## ß
#..........############ #####


You could see an orc warrior.

Vanquished Creatures
  A two-headed ogre (D:9)
  Amaemon (D:8)
  An orange demon (D:8)
  Maggie (D:6)
  Jeremiah (D:8)
  Psyche (D:8)
  Sigmund (D:3)
  A wyvern (D:9)
  Menkaure (D:7)
  A water moccasin (D:8)
  A sky beast (D:7)
  An orc warrior (D:9)
  An ogre (D:5)
  A black bear (D:5)
  A centaur (D:7)
  A phantom (D:7)
  A gnoll sergeant (D:7)
  A bullfrog (D:8)
  4 wights
  A scorpion (D:7)
  Dowan (D:6)
  13 killer bees
  2 howler monkeys
  5 bombardier beetles
  3 jellies
  A gnoll bouda (D:8)
  4 orc priests
  10 hounds
  6 iguanas
  13 orc wizards
  Natasha (thrice) (D:2 D:1)
  A mummy (D:7)
  8 adders
  8 gnolls
  A howler monkey skeleton (D:7)
  A shadow imp (D:5)
  2 white imps
  4 ufetubi
  4 dart slugs
  A ribbon worm (D:2)
  44 orcs
  11 ball pythons
  6 bats
  5 endoplasms
  10 goblins
  13 hobgoblins
  2 jackals (D:3)
  10 kobolds
  A quokka (D:3)
  2 frilled lizards (D:2)
  5 rats
223 creatures vanquished.

Vanquished Creatures (collateral kills)
  A wyvern (D:8)
  An orc warrior (D:9)
  Duvessa (D:6)
  A centaur (D:6)
  2 phantoms
  2 kobold brigands
  A bullfrog (D:9)
  A gnoll sergeant (D:9)
  3 wights
  4 killer bees
  A hound (D:6)
  A sleepcap (D:8)
  6 gnolls
  3 orcs (D:9)
  2 kobolds
30 creatures vanquished.

Vanquished Creatures (others)
  3 ancestors
3 creatures vanquished.

Grand Total: 256 creatures vanquished

Notes
Turn   | Place    | Note
-------+----------+-------------------------------------------
     0 | D:1      | Implojin the Coglin Brigand began the quest for the Orb.
     0 | D:1      | Reached XP level 1. HP: 16/16 MP: 1/1
    45 | D:1      | Found Raenun's Antique Weapon Emporium.
   112 | D:1      | Reached XP level 2. HP: 22/22 MP: 2/2
   114 | D:1      | Found Emonkaoluo's Antique Armour Shoppe.
   324 | D:1      | Found Ymy Zays's Antique Armour Boutique.
   429 | D:1      | Reached XP level 3. HP: 27/27 MP: 3/3
   439 | D:1      | Found Siwe's Distillery.
   462 | D:1      | Found Toud's Antique Weapon Emporium.
   965 | D:2      | Noticed Natasha
   971 | D:2      | Killed Natasha
   972 | D:2      | Reached XP level 4. HP: 15/33 MP: 4/4
  1157 | D:2      | Noticed Natasha
  1236 | D:1      | Killed Natasha
  1866 | D:4      | Reached XP level 5. HP: 37/41 MP: 5/5
  1974 | D:4      | Reached skill level 5 in Short Blades
  1974 | D:4      | Reached XP level 6. HP: 23/47 MP: 6/6
  2404 | D:3      | Found Xaur's Assorted Antiques.
  2624 | D:3      | Reached skill level 1 in Evocations
  2682 | D:3      | Noticed Sigmund
  2687 | D:3      | Killed Sigmund
  2688 | D:3      | Reached XP level 7. HP: 52/52 MP: 7/7
  3045 | D:4      | Found Qalie's General Store.
  3196 | D:4      | Reached skill level 5 in Evocations
  3359 | D:4      | Found a staircase to the Ecumenical Temple.
  3373 | Temple   | Entered the Ecumenical Temple
  3387 | Temple   | Became a worshipper of Hepliaklqana the Forgotten
  3676 | D:4      | You fall into a shaft and drop 2 floors!
  3840 | D:6      | Reached XP level 8. HP: 40/58 MP: 8/8
  3848 | D:5      | Entered Level 5 of the Dungeon
  3868 | D:6      | Noticed Dowan
  4134 | D:4      | Identified the +0 leather armour "Moiphumi" {Dex+2}
  4535 | D:3      | Bought a scroll labelled VINETU VOUCREDD for 33 gold pieces
  4535 | D:3      | Bought a fizzy pink potion for 29 gold pieces
  4535 | D:3      | Bought a bubbling purple potion for 29 gold pieces
  4535 | D:3      | Bought a pink potion for 29 gold pieces
  5017 | D:1      | Found Ymy Zays's Antique Armour Boutique.
  5026 | D:1      | Noticed Natasha
  5042 | D:1      | Killed Natasha
  5094 | D:1      | Found a transporter.
  5142 | D:1      | Found Raenun's Antique Weapon Emporium.
  5212 | D:1      | Found Emonkaoluo's Antique Armour Shoppe.
  5318 | D:1      | Found Siwe's Distillery.
  5344 | D:1      | Found Toud's Antique Weapon Emporium.
  5755 | D:5      | Reached skill level 1 in Dodging
  6201 | D:5      | Reached * piety under Hepliaklqana
  6202 | D:5      | Found an opulent altar of Gozag.
  6591 | D:6      | Found an iron altar of Okawaru.
  6769 | D:6      | Noticed Duvessa
  6773 | D:6      | Noticed Maggie
  6777 | D:6      | Killed Duvessa
  6778 | D:6      | Reached skill level 5 in Dodging
  6782 | D:6      | Reached skill level 1 in Long Blades
  6782 | D:6      | Reached XP level 9. HP: 47/56 MP: 9/9
  6786 | D:6      | Killed Dowan
  6788 | D:6      | Killed Maggie
  7995 | D:7      | Found a hide-covered altar of Uskayaw.
  8092 | D:7      | Found an ancient bone altar of Kikubaaqudgha.
  8094 | D:7      | Noticed Menkaure
  8100 | D:7      | Found a transporter.
  8153 | D:7      | Found a white marble altar of Elyvilon.
  8204 | D:7      | Found a transporter.
  8205 | D:7      | Found a basalt altar of Yredelemnul.
  8574 | D:7      | Killed Menkaure
  8576 | D:7      | Reached XP level 10. HP: 42/63 MP: 10/10
  8599 | D:7      | Identified the +5 battleaxe of the Heavens {speed, Int+3
                  | SInv}
  8746 | D:8      | Reached skill level 1 in Axes
  8751 | D:8      | Noticed Amaemon
  9028 | D:7      | Found a hide-covered altar of Uskayaw.
  9066 | D:7      | Found a transporter.
  9105 | D:7      | Reached skill level 2 in Axes
  9205 | D:8      | Noticed Psyche
  9213 | D:8      | Killed Psyche
  9214 | D:8      | Reached skill level 3 in Axes
  9253 | D:8      | Noticed Jeremiah
  9268 | D:8      | Killed Jeremiah
  9269 | D:8      | Reached skill level 4 in Axes
  9275 | D:8      | Noticed an orange demon
  9276 | D:8      | Paralysed by Amaemon for 5 turns
  9284 | D:8      | Killed Amaemon
  9285 | D:8      | Reached skill level 5 in Axes
  9291 | D:8      | Killed an orange demon
  9292 | D:8      | Reached skill level 6 in Axes
  9365 | D:8      | Reached ** piety under Hepliaklqana
  9367 | D:8      | Remembered your ancestor CRAB as a knight
  9672 | D:8      | Reached skill level 7 in Axes
  9740 | D:8      | Found a staircase to the Lair.
 10068 | D:9      | Noticed a two-headed ogre
 10091 | D:9      | Reached skill level 8 in Axes
 10296 | D:9      | Found a glowing silver altar of Zin.
 10325 | D:9      | Identified the +1 morningstar of Spite {flame, Str+5 Int-4}
 10367 | D:9      | Killed a two-headed ogre
 10368 | D:9      | Reached skill level 9 in Axes
 10368 | D:9      | Reached XP level 11. HP: 45/69 MP: 11/11
 10641 | D:9      | Slain by an orc warrior

Illustrated notes

Levels and vault maps discovered:
D:1:      spicycebolla_arrival_risky_transporter, layout_loops_ring,
          serial_shops, shop, nicolae_diamond_shop, shop, shop, shop
D:2:      cheibrodos_greedy_goblins, layout_rooms, uniq_natasha
D:3:      layout_loops_ring, serial_shops, nicolae_shop_trees, uniq_sigmund
D:4:      nicolae_BIG_FREAKIN_CUBE, layout_loops_corners,
          minmay_temple_entry_purple_smoke, serial_shops,
          nicolae_shop_behind_doors
D:5:      layout_loops_cross, pf_just_have_faith, st_stairs_14
D:6:      layout_basic, mainiacjoe_overflow_six_doors_small, uniq_duvessa,
          uniq_maggie
D:7:      layout_loops_ring, mainiacjoe_overflow_small_starburst,
          nicolae_uskayaw_dance_hall, gammafunk_temple_of_torment
D:8:      layout_basic, lair_entry_dummy, minmay_strange_pillars, eino_jars,
          uniq_amaemon, uniq_psyche, uniq_jeremiah
D:9:      layout_rooms, mainiacjoe_overflow_boulevard, david_orc_4
Temple:   nicolae_temple_superstar

Skill      XL: |  1  2  3  4  5  6  7  8  9 10 |
---------------+-------------------------------+-----
Short Blades   | 2 3 4 5 6 |  6.0
Fighting       | 3 4 |  4.0
Evocations     | 4 7 8 |  8.0
Throwing       | 3 |  3.0
Dodging        | 5 7 8 |  8.0
Long Blades    | 1 4 |  4.2
Axes           | 9 |  9.4
Stealth        | |  3.2

Action                     |  1- 3 |  4- 6 |  7- 9 | 10-12 || total
---------------------------+-------+-------+-------+-------++-------
  Melee: Dagger            |    52 |   156 |   253 |     9 ||   470
         Short sword       |    44 |   135 |       |       ||   179
         Falchion          |       |    19 |   272 |     9 ||   300
         Battleaxe         |       |       |       |   131 ||   131
  Throw: Dart              |     4 |    15 |    37 |     3 ||    59
 Invoke: Ancestor Identity |       |       |     1 |       ||     1
         Recall Ancestor   |       |       |     2 |     1 ||     3
         Ancestor Life: Kn |       |       |       |     1 ||     1
  Evoke: Wand              |       |     6 |    16 |    16 ||    38
    Use: Scroll            |       |     2 |       |     2 ||     4
         Potion            |       |       |     2 |     6 ||     8
   Stab: Sleeping          |     9 |     2 |     4 |     2 ||    17
         Distracted        |       |     1 |     2 |     1 ||     4
         Paralysed         |       |     2 |     2 |     4 ||     8
 Armour: Robe              |    50 |       |       |       ||    50
         Leather armour    |     2 |    73 |       |       ||    75
         Ring mail         |       |    20 |   138 |       ||   158
         Steam dragon scal |       |       |    43 |   102 ||   145
  Dodge: Dodged            |    35 |    89 |   142 |   214 ||   480

Table legend: (Time is in decaauts)
 A = Elapsed time spent in this place.
 B = Non-inter-level travel time spent in this place.
 C = Inter-level travel time spent in this place.
 D = Time resting spent in this place.
 E = Time spent auto-exploring this place.
 F = Levels seen in this place.
 G = Mean time per level.
                   A        B        C        D        E       F      G
               +--------+--------+--------+--------+--------+-----+--------+
         Total |  10552 |   9895 |    657 |   1031 |   6145 |  10 | 1055.2 |
       Dungeon |  10524 |   9879 |    645 |   1031 |   6145 |   9 | 1169.3 |
        Temple |     27 |     15 |     12 |      0 |      0 |   1 |   27.0 |
               +--------+--------+--------+--------+--------+-----+--------+

Top non-repeatable levels by time:
     D:1: 1720 daAuts
     D:4: 1501 daAuts
     D:7: 1353 daAuts
     D:6: 1351 daAuts
     D:2: 1167 daAuts
     D:8: 1057 daAuts
     D:5: 981 daAuts
     D:3: 961 daAuts
     D:9: 429 daAuts
  Temple: 27 daAuts
